 Dungeon Crawl Stone Soup version 0.29-a0-322-g68df515428 (webtiles) character file.

Game seed: 9095457655877615470

399091 cojito the Slayer (level 22, -2/197 (215) HPs)
             Began as a Minotaur Cinder Acolyte on Apr 6, 2022.
             Was a High Priest of Ignis.
             Slain by a deep troll (15 damage)
             ... on level 2 of the Depths.
             The game lasted 01:43:05 (59558 turns).

cojito the Slayer (Minotaur Cinder Acolyte)        Turns: 59558, Time: 01:43:06

HP:   -2/197 (215)  AC: 35    Str: 36    XL:     22   Next: 24%
MP:   21/22         EV: 16    Int: 14    God:    Ignis [*****.]
Gold: 1492          SH: 19    Dex: 11    Spells: 23/23 levels left

rFire   + + .      SeeInvis .   a - +9 broad axe (vorpal)
rCold   + . .      Faith    .   x - +0 tower shield {rC+}
rNeg    + + .      Spirit   .   L - +10 chain mail "Otaec" {+Inv rF+ Str+2}
rPois   +          Reflect  .   E - +2 hat {Stlth+}
rElec   .          Harm     .   P - scarf {repulsion}
rCorr   .          Rampage  +   r - +2 pair of gloves of Diwnouhear {Dex+2}
Will    ++...                   A - +2 pair of boots of the Barnacle {Rampage Drain Fly rPois}
Stlth   ..........              i - amulet "Osaxukk" {+Blink rPois Regen+ Int+3 Slay+5}
HPRegen 1.22/turn               y - ring of willpower
MPRegen 0.18/turn               j - ring "Qahat" {Wiz rN++ Str+7 Stlth+}

@: on blink cooldown, flying, studying Throwing, silenced, drained, repel
missiles
A: horns 2, retaliatory headbutt
}: 2/15 runes: barnacled, gossamer
a: Renounce Religion, Evoke Blink, Evoke Invisibility


You were on level 2 of the Depths.
You worshipped Ignis.
Ignis was extremely pleased with you.
You visited 8 branches of the dungeon, and saw 40 of its levels.
You visited 1 bazaar.
You also visited: Sewer, Gauntlet and Ice Cave.

You collected 6118 gold pieces.
You spent 4626 gold pieces at shops.

Inventory:

Hand Weapons
 a - a +9 vorpal broad axe (weapon)
 b - the +3 sling "Punk" {acid, rCorr}
   (You found it on level 4 of the Vaults)

   Any ammunition fired from it is coated in acid, damaging and corroding those
   it strikes.
   rCorr:     It protects you from acid and corrosion.
 f - a +2 war axe of flaming
Missiles
 e - 3 throwing nets (quivered)
Armour
 c - a scarf of resistance
 r - the +2 pair of gloves of Diwnouhear (worn) {Dex+2}
   (You found it on level 2 of the Dungeon)

   Dex:       It affects your dexterity (+2).
 x - a +0 tower shield of cold resistance (worn)
 A - the +2 pair of boots of the Barnacle (worn) {Rampage Drain Fly rPois}
   (You acquired it on level 15 of the Dungeon)

   rPois:     It protects you from poison.
   Fly:       It grants you flight.
   Drain:     It drains your maximum health when unequipped.
   Rampage:   It bestows one free step when moving towards enemies.
 E - a +2 hat of stealth (worn)
 J - +0 ice dragon scales
 L - the +10 chain mail "Otaec" (worn) {+Inv rF+ Str+2}
   (You found it on level 14 of the Dungeon)

   Str:       It affects your strength (+2).
   rF:        It protects you from fire.
   +Inv:      It lets you turn invisible.
 P - a scarf of repulsion (worn)
Jewellery
 d - a ring of resist corrosion
 h - a ring of protection from fire
 i - the amulet "Osaxukk" (around neck) {+Blink rPois Regen+ Int+3 Slay+5}
   (You found it on level 12 of the Dungeon)

   [amulet of regeneration]

   Int:       It affects your intelligence (+3).
   Slay:      It affects your accuracy & damage with ranged weapons and melee
   (+5).
   rPois:     It protects you from poison.
   +Blink:    It lets you blink.
   Regen:     It increases your rate of health regeneration.
 j - the ring "Qahat" (right hand) {Wiz rN++ Str+7 Stlth+}
   (You found it in a Gauntlet)

   [ring of wizardry]

   It improves your spell success rate.
   Str:       It affects your strength (+7).
   rN:        It greatly protects you from negative energy.
   Stlth:     It makes you more stealthy.
 s - the amulet of Vitality {Regen+ HP+15}
   (You bought it in a shop on level 2 of the Elven Halls)

   [amulet of regeneration]

   HP:        It affects your health (+15).
   Regen:     It increases your rate of health regeneration.
 y - a ring of willpower (left hand)
 K - a ring of willpower
 M - the ring "Ymimok" {rN+ rCorr}
   (You took it off a deep elf annihilator on level 3 of the Elven Halls)

   [ring of positive energy]

   rN:        It protects you from negative energy.
   rCorr:     It protects you from acid and corrosion.
 U - a ring of protection from cold
Wands
 k - a wand of digging (18)
 o - a wand of flame (21)
 q - a wand of acid (6)
 D - a wand of iceblast (31)
Scrolls
 t - a scroll of holy word
 u - 15 scrolls of teleportation
 w - 4 scrolls of enchant weapon
 B - 8 scrolls of blinking
 C - 5 scrolls of fog
 F - a scroll of magic mapping
 O - 2 scrolls of silence
 V - 5 scrolls of fear
 X - 5 scrolls of immolation
 Y - 3 scrolls of summoning
Potions
 g - 5 potions of brilliance
 m - 17 potions of ambrosia
 n - 33 potions of curing
 p - 9 potions of attraction
 v - 3 potions of magic
 z - 9 potions of flight
 G - 7 potions of cancellation
 I - 18 potions of mutation
 N - 5 potions of resistance
 R - 7 potions of haste
 Z - 6 potions of might
Miscellaneous
 l - a tin of tremorstones (2/2)
 Q - a condenser vane (inert)
 T - a lightning rod (4/4)
 W - a box of beasts


   Skills:
 + Level 21.9 Fighting
 + Level 21.9 Axes
 - Level 10.0 Slings
 + Level 21.7 Armour
 + Level 20.0 Dodging
 + Level 18.4 Shields
 - Level 1.0 Spellcasting
 - Level 2.1 Fire Magic
 + Level 8.3 Evocations


You had 23 spell levels left.
You didn't know any spells.
Your spell library contained the following spells:

 Spells                   Type           Power      Damage    Failure   Level
 Foxfire                  Conj/Fire      12%        2x1d4     32%         1
 Scorch                   Fire           12%        2d5       32%         2
 Animate Skeleton         Necr           0%         N/A       45%         1
 Apportation              Tloc           0%         N/A       45%         1
 Freeze                   Ice            0%         1d3       45%         1
 Pain                     Necr           0%         1d4       45%         1
 Sandblast                Erth           0%         2d4       45%         1
 Shock                    Conj/Air       0%         1d3       45%         1
 Summon Small Mammal      Summ           0%         N/A       45%         1
 Blink                    Tloc           0%         N/A       61%         2
 Passwall                 Tmut/Erth      0%         N/A       61%         2
 Inner Flame              Hex/Fire       3%         N/A       69%         3
 Ignite Poison            Fire/Tmut/Pois 2%         N/A       75%         3
 Lesser Beckoning         Tloc           0%         N/A       82%         3
 Mephitic Cloud           Conj/Pois/Air  0%         N/A       82%         3
 Ozocubu's Armour         Ice            0%         N/A       82%         3
 Stone Arrow              Conj/Erth      0%         3d7       82%         3
 Summon Guardian Golem    Hex/Summ       0%         N/A       82%         3
 Vampiric Draining        Necr           0%         2d6       82%         3
 Flame Wave               Conj/Fire      3%         2d4       96%         4
 Sticky Flame             Conj/Fire      3%         2d3       96%         4
 Airstrike                Air            0%         N/A       99%         4
 Animate Dead             Necr           0%         N/A       99%         4
 Cause Fear               Hex            0%         N/A       99%         4
 Hailstorm                Conj/Ice       0%         3d3       99%         4
 Summon Lightning Spire   Summ/Air       0%         N/A       99%         4
 Alistair's Intoxication  Tmut/Pois      0%         N/A       100%        5
 Blade Hands              Tmut           0%         N/A       100%        5
 Borgnjor's Vile Clutch   Necr/Erth      0%         N/A       100%        5
 Excruciating Wounds      Necr           0%         N/A       100%        5
 Fireball                 Conj/Fire      1%         3d3       100%        5
 Freezing Cloud           Conj/Ice/Air   0%         6-21      100%        5
 Irradiate                Conj/Tmut      0%         3d13      100%        5
 Iskenderun's Battlesphe  Conj           0%         2d6       100%        5
 Lee's Rapid Deconstruct  Erth           0%         3d5*      100%        5
 Lightning Bolt           Conj/Air       0%         1d11      100%        5
 Manifold Assault         Tloc           0%         N/A       100%        5
 Yara's Violent Unravell  Hex/Tmut       0%         3d3       100%        5
 Conjure Ball Lightning   Conj/Air       0%         3x3d6     100%        6
 Death Channel            Necr           0%         N/A       100%        6
 Simulacrum               Ice/Necr       0%         N/A       100%        6
 Statue Form              Tmut/Erth      0%         N/A       100%        6
 Summon Cactus Giant      Summ           0%         N/A       100%        6
 Dragon Form              Tmut           0%         N/A       100%        7
 Haunt                    Necr/Summ      0%         N/A       100%        7
 Orb of Destruction       Conj           0%         9d5       100%        7
 Ozocubu's Refrigeration  Ice            0%         4d5       100%        7
 Spellforged Servitor     Conj/Summ      0%         N/A       100%        7
 Storm Form               Tmut/Air       0%         N/A       100%        7
 Discord                  Hex            0%         N/A       100%        8
 Polar Vortex             Ice            0%         N/A       100%        9


Dungeon Overview and Level Annotations

Branches:
Dungeon (15/15)            Temple (0/1) D:7            Lair (6/6) D:8
 Shoals (4/4) Lair:2       Spider (4/4) Lair:3        Slime (0/5) Lair:6
    Orc (2/2) D:9             Elf (3/3) Orc:2        Vaults (4/5) D:13
  Crypt (0/3) Vaults:2     Depths (2/4) D:15          Sewer (visited)
  IceCv (visited)         Gauntlet (visited)

Altars:
Cheibriados
Elyvilon
Gozag
Sif Muna
Trog
Beogh
Jiyva

Shops:
Orc:1 !   Orc:2 :[(!   Elf:2 :=:=   Shoals:3 *   Vaults:1 :   Vaults:4 !
Depths:2 *

Portals:
Hell: Depths:1 Depths:2
Abyss: Depths:2
Pandemonium: Depths:2
Ziggurat: Depths:2
Trove: Vaults:2 (give +2 ice dragon scales)

Annotations:
D:4 3 runed translucent doors, pigah's ghost, amateur OpAE
Shoals:4 3 transporters
Elf:2 1 runed translucent door
Vaults:1 2 runed translucent doors, pigah's ghost, adept OpAE
Depths:2 1 transporter, 1 runed translucent door


Innate Abilities, Weirdness & Mutations

You have a pair of horns on your head.
You reflexively headbutt those who attack you in melee.


Message History

The deep troll attacks as you move away!
You block the deep troll's attack.
The deep troll claws you but does no damage.
The deep troll claws you!
You feel much better. The juggernaut hits you!!!
* * * LOW HITPOINT WARNING * * *
You block the juggernaut's attack.
The deep troll bites you but does no damage.
The deep troll claws you but does no damage.
You block the deep troll's attack.
The deep troll earth mage is engulfed in blazing flames.
You blink.
You block the deep troll's attack. The deep troll barely misses you.
The deep troll claws you!
* * * LOW HITPOINT WARNING * * *
The moth of wrath goads the deep troll on!
The deep troll goes berserk!
The deep troll earth mage is engulfed in blazing flames.
The deep troll bites you but does no damage.
You block the deep troll's attack. The deep troll barely misses you.
Okay, then.
Unknown command.
Unknown command.
You feel drained.
You fail to use your ability.
You block the deep troll's attack. x2; The deep troll barely misses you.
The deep troll bites you but does no damage.
The deep troll claws you but does no damage.
The deep troll completely misses you.
The juggernaut attacks as you move away!
You block the juggernaut's attack. x2; The ettin barely misses you.
You furiously retaliate!
You headbutt the ettin!! The ettin closely misses you.
Found a human skeleton.
You feel yourself slow down.
The juggernaut is no longer berserk.
You see here a manual of Long Blades.
The deep troll attacks as you move away!
The deep troll misses you. You furiously retaliate!
You headbutt the deep troll! The deep troll closely misses you.
You block the deep troll's attack. The ettin barely misses you.
You block the ettin's attack. The deep troll bites you!
You die...

...# #..>##. .∩.# ###########
#.####. ...# #.........# #.# #.
...# ##..........#### #.# #.
#.########...###..⌠..#☼#y##.# #.
#.#....#y#...#y#.....######.# #.
#.#....###''####.....##.....#
#>......##.).###)}...##.....#
#..)...©##©÷.#W+@[)..##©....#
#.......##...###TC...##.....#
..<....###''####T....##.....####
.......#y#...#.#..C..#####.....#
##########..)###§.⌠..#☼#y#.....#
# ##...§§☼....#####.....# ####
##..(§§....#y# #.....# ...##
############# #.....# ....#
#§#§.T[§# #.....#


You could see a juggernaut (slow), an ettin, 2 deep trolls and a silent spectre
(silencing).

Vanquished Creatures
  5 caustic shrikes (Depths:1)
  Nikola (Elf:2)
  A bone dragon (Elf:1)
  Rupert (D:12)
  Jorgrun (Elf:2)
  Zenata (Vaults:1)
  3 deep elf master archers (Elf:3)
  3 deep elf blademasters
  A kraken (Shoals:1)
  3 sphinxes
  A daeva (Depths:1)
  A fire giant (Depths:2)
  The ghost of Gibbon the Polluter, a journeyman NaVM of Yredelemnul (D:11)
  2 deep elf elementalists (Elf:3)
  An iron dragon (Depths:1)
  4 emperor scorpions
  3 frost giants (IceCv)
  11 vault wardens
  3 orc warlords
  5 deep elf sorcerers (Elf:3)
  Aizul (Elf:2)
  5 ghost moths
  An angel (Depths:1)
  5 ironbound thunderhulks
  A caustic shrike skeleton (Elf:1)
  15 very ugly things
  2 war gargoyles
  6 ironbound preservers
  A reaper (Depths:1)
  2 vampire knights (Depths:1)
  A quicksilver ooze (Gauntlet)
  7 broodmothers
  3 stone giants
  10 deep elf demonologists
  9 entropy weavers
  6 deep elf annihilators
  4 dire elephants
  A white draconian (IceCv)
  A bunyip (Gauntlet)
  Snorg (D:12)
  2 green deaths
  5 deep elf death magi
  The ghost of Slifar the Arsonist, a journeyman DrFE of Vehumet (D:12)
  4 merfolk javelineers (Shoals:4)
  3 ettins (Depths:2)
  2 crystal guardians (D:12)
  3 fire dragons
  6 deep elf high priests
  9 merfolk impalers
  6 yaktaur captains
  5 great orbs of eyes
  Erolcha (D:11)
  4 boulder beetles
  2 peacekeepers
  19 vault guards
  5 ghost crabs
  A jorogumo (Spider:4)
  A hell beast (Depths:1)
  An ogre mage (D:12)
  7 hydras
  A spriggan air mage (Depths:2)
  11 ice dragons
  15 ironbound frosthearts
  3 rakshasas
  6 merfolk aquamancers
  A spriggan skeleton (Elf:1)
  3 centaur warriors
  3 death knights
  2 alligator snapping turtles
  2 catoblepae
  27 dancing weapons
  13 two-headed ogres
  6 death yaks
  A merfolk avatar (Shoals:1)
  A satyr (Shoals:4)
  2 tengu warriors
  2 deep troll shamans
  3 radroaches
  A deep troll earth mage (Depths:1)
  A hell hog (Depths:1)
  2 vampire magi
  3 death scarabs
  5 spriggan berserkers
  2 soul eaters (Depths:1)
  2 orc high priests
  19 deep elf knights
  4 iron trolls
  A large abomination (Depths:1)
  9 sea snakes
  9 pharaoh ants
  2 shadow wraiths
  A glowing orange brain (Depths:1)
  A deep troll (shapeshifter) (D:14)
  A quicksilver dragon simulacrum (Depths:1)
  2 sun moths
  A spark wasp zombie (D:15)
  A goliath frog (Depths:1)
  2 orange crystal statues
  7 steelbarb worms
  12 orb spiders
  14 deep trolls
  7 wizards
  27 harpies
  2 phantasmal warriors (Depths:1)
  13 deep elf archers
  15 ironbound convokers
  27 deep elf zephyrmancers
  Pikel (D:4)
  38 deep elf pyromancers
  4 lindwurms
  A golden dragon skeleton (Elf:1)
  26 wolf spiders
  38 ugly things
  A necromancer (D:15)
  5 orc sorcerers
  2 stone giant zombies (D:15)
  8 orc knights
  8 cyclopes
  4 fauns (Shoals:2)
  A manticore (shapeshifter) (Depths:1)
  A fire giant zombie (D:15)
  4 merfolk sirens
  18 manticores
  6 black mambas
  Maurice (D:11)
  A water nymph (shapeshifter) (Elf:3)
  15 elephants
  9 moths of wrath
  2 molten gargoyles (Lair:6)
  A smoke demon (Depths:2)
  12 vault sentinels
  A torpor snail (shapeshifter) (Depths:2)
  5 water nymphs
  2 unseen horrors
  Psyche (D:8)
  8 cane toads
  7 torpor snails
  13 rime drakes
  3 gargoyles
  6 freezing wraiths
  8 demonic crawlers
  2 guardian mummies (D:15)
  2 red devils (Depths:2)
  16 komodo dragons
  30 yaktaurs
  6 meliai
  A tengu conjurer (D:15)
  3 trolls
  5 tyrant leeches (Spider:1)
  32 merfolk
  A tengu simulacrum (Elf:1)
  Prince Ribbit (Lair:3)
  Grinder (D:4)
  8 snapping turtles
  5 hornets
  A queen bee (D:8)
  9 wind drakes
  10 polar bears
  A spectral dream sheep (Gauntlet)
  A sphinx simulacrum (Elf:1)
  9 blink frogs
  44 slime creatures
  An iron dragon simulacrum (Elf:1)
  28 tarantellas
  8 dream sheep
  A shadow (D:9)
  27 jumping spiders
  Sigmund (D:3)
  5 wraiths
  24 culicivoras
  7 air elementals
  A vampire (D:13)
  6 fire elementals
  23 water elementals
  A hog (shapeshifter) (D:14)
  A spriggan (Depths:1)
  49 yaks
  7 basilisks
  A neqoxec (Depths:2)
  2 hogs (Spider:1)
  20 humans (D:13)
  7 wyverns
  A chaos spawn (Depths:1)
  63 redbacks
  2 steam dragons
  14 vampire mosquitoes
  Edmund (D:6)
  4 wargs
  10 water moccasins
  2 acid dragons
  5 hell hounds (Lair:6)
  46 orc warriors
  2 black bears
  2 ice beasts
  A sky beast (D:6)
  6 wolves
  6 ogres
  8 centaurs
  A lemure (D:4)
  3 phantoms
  3 bullfrogs
  A necrophage (D:7)
  A gnoll sergeant (D:9)
  6 earth elementals
  4 small abominations
  3 scorpions
  9 wights
  23 killer bees
  A human simulacrum (Vaults:1)
  4 jellies
  An electric eel (Spider:1)
  4 howler monkeys
  5 lava snakes (Lair:6)
  33 orc priests
  2 gnoll shamans
  9 hounds
  2 iguanas (D:6)
  38 orc wizards
  12 hell rats
  15 adders
  17 gnolls
  3 river rats (Sewer)
  3 shadow imps
  A white imp (D:8)
  10 worms
  5 dart slugs
  91 orcs
  14 ball pythons
  8 endoplasms
  11 giant cockroaches
  15 goblins
  9 hobgoblins
  9 kobolds
  13 quokkas
  10 bats
  9 frilled lizards
  9 rats
  4 tentacles (Shoals:1)
1779 creatures vanquished.

Vanquished Creatures (collateral kills)
  A death yak (Lair:5)
  A yak (Lair:5)
  An orc (D:9)
3 creatures vanquished.

Vanquished Creatures (others)
  Kirke (Spider:1)
  A ghost moth (Spider:4)
  2 deep elf knights
  A wizard (Depths:1)
  2 deep elf zephyrmancers
  A slime creature (D:15)
  A tarantella (Spider:1)
  A redback (D:12)
  An acid dragon (D:9)
  2 orc wizards
  3 bushes (D:14)
  A butterfly (D:14)
  33 fungi
  59 plants
  4 tentacles (Shoals:1)
  5 toadstools (Depths:2)
  10 withered plants (D:15)
128 creatures vanquished.

Grand Total: 1910 creatures vanquished

Notes
Turn   | Place    | Note
-------+----------+-------------------------------------------
     0 | D:1      | cojito the Minotaur Cinder Acolyte began the quest for the
                  | Orb.
     0 | D:1      | Reached XP level 1. HP: 19/19 MP: 1/1
   288 | D:1      | Reached XP level 2. HP: 26/27 MP: 2/2
   294 | D:1      | Reached skill level 1 in Armour
   648 | D:1      | Reached skill level 1 in Dodging
   861 | D:2      | Found a faded altar of an unknown god.
   876 | D:2      | Reached XP level 3. HP: 18/33 MP: 3/3
  1710 | D:2      | Reached XP level 4. HP: 41/41 MP: 4/4
  2024 | D:2      | Identified the +2 pair of gloves of Diwnouhear {Dex+2}
  2638 | D:2      | Reached XP level 5. HP: 47/47 MP: 5/5
  3117 | D:3      | Noticed Sigmund
  3140 | D:3      | Killed Sigmund
  3141 | D:3      | Reached skill level 5 in Fighting
  3141 | D:3      | Reached skill level 5 in Axes
  3141 | D:3      | Reached XP level 6. HP: 49/56 MP: 6/6
  3409 | D:4      | Noticed Pikel
  3428 | D:4      | Killed Pikel
  3429 | D:4      | Reached skill level 5 in Armour
  3429 | D:4      | Reached XP level 7. HP: 38/64 MP: 7/7
  3660 | D:4      | Noticed Grinder
  3660 | D:4      | Paralysed by Grinder for 7 turns
  3674 | D:4      | Killed Grinder
  3675 | D:4      | Reached skill level 5 in Dodging
  3675 | D:4      | Reached XP level 8. HP: 63/71 MP: 8/8
  3779 | D:4      | Found a runed translucent gate.
  3801 | D:4      | Found a runed translucent gate.
  3801 | D:4      | Found an opulent altar of Gozag.
  3801 | D:4      | Found a runed translucent gate.
  3828 | D:4      | Noticed pigah's ghost (amateur OpAE)
  4358 | D:5      | Entered Level 5 of the Dungeon
  4385 | D:5      | Found a snail-covered altar of Cheibriados.
  5214 | D:5      | Reached XP level 9. HP: 65/81 MP: 9/9
  5636 | D:6      | Noticed Edmund
  5650 | D:6      | Killed Edmund
  5700 | D:6      | Identified the +1 chain mail of Somewhere Else {-Tele Str+9
                  | Int+4 SInv}
  5846 | D:6      | Found a glowing drain.
  5851 | Sewer    | Entered a sewer
  6592 | D:6      | Noticed Blork the orc
  6604 | D:6      | Noticed Blork
  6604 | D:6      | Blork the orc changed into Blork the iguana
  6609 | D:6      | Killed Blork the iguana
  6945 | D:7      | Found a staircase to the Ecumenical Temple.
  7511 | D:7      | Found a flagged portal.
  8077 | D:8      | Noticed Psyche
  8089 | D:8      | Killed Psyche
  8613 | D:8      | Found a staircase to the Lair.
  8613 | D:8      | Noticed a komodo dragon
  8731 | D:8      | Killed a komodo dragon
  8732 | D:8      | Reached XP level 10. HP: 72/91 MP: 10/10
  8911 | Lair:1   | Entered Level 1 of the Lair of Beasts
  8921 | Lair:1   | Noticed a cane toad
  8925 | Lair:1   | Killed a cane toad
  9869 | Lair:1   | Noticed a cane toad
  9880 | Lair:1   | Killed a cane toad
  9881 | Lair:1   | Reached skill level 10 in Fighting
 10164 | D:9      | Noticed a wizard
 10165 | D:9      | Noticed a two-headed ogre
 10209 | D:9      | Reached skill level 10 in Axes
 10209 | D:9      | Reached skill level 1 in Evocations
 10600 | D:9      | Found a staircase to the Orcish Mines.
 11111 | D:9      | Killed a wizard
 11505 | D:9      | Reached XP level 11. HP: 101/101 MP: 11/11
 11523 | D:9      | Killed a two-headed ogre
 11524 | D:9      | Reached skill level 10 in Armour
 13344 | Lair:1   | Noticed a five-headed hydra
 13351 | Lair:1   | Killed a five-headed hydra
 13480 | Lair:2   | Found a gate leading to a gauntlet.
 13489 | Gauntlet | Entered a Gauntlet
 13489 | Gauntlet | Found a transporter.
 13489 | Gauntlet | Found a transporter.
 13493 | Gauntlet | Found a transporter.
 13493 | Gauntlet | Found a transporter.
 13496 | Gauntlet | Noticed a death scarab
 13500 | Gauntlet | Found a transporter.
 13549 | Gauntlet | Found a transporter.
 13553 | Gauntlet | Noticed a green death
 13565 | Gauntlet | Found a transporter.
 13578 | Gauntlet | Found a transporter.
 13600 | Gauntlet | Noticed a dire elephant
 13631 | Gauntlet | Noticed a quicksilver ooze
 13658 | Gauntlet | Found a transporter.
 13674 | Gauntlet | Found a transporter.
 13688 | Gauntlet | Noticed an obsidian statue
 13689 | Gauntlet | Found a transporter.
 13704 | Gauntlet | Found a transporter.
 13722 | Gauntlet | Noticed a dire elephant
 13807 | Gauntlet | Found a transporter.
 13810 | Gauntlet | Found a transporter.
 13815 | Gauntlet | Found a transporter.
 13823 | Gauntlet | Found a transporter.
 13926 | Gauntlet | Killed a death scarab
 14210 | Gauntlet | Killed a quicksilver ooze
 14211 | Gauntlet | Reached skill level 10 in Dodging
 14303 | Gauntlet | Killed a dire elephant
 14322 | Gauntlet | Identified the +0 hat of the Equinox {Rampage *Corrode
                  | Str+2}
 14591 | Gauntlet | Identified the +7 demon trident of Disintegration {elec,
                  | rCorr Str+4 Dex-4}
 14591 | Gauntlet | Identified the +3 ring mail of the Vestibule of Hell
                  | {Dex+4}
 14591 | Gauntlet | Identified the ring "Qahat" {Wiz rN++ Str+7 Stlth+}
 14591 | Gauntlet | Noticed a minotaur
 14596 | Gauntlet | Noticed a bunyip
 14596 | Gauntlet | a minotaur changed into a bunyip
 14603 | Gauntlet | Killed a bunyip
 14604 | Gauntlet | Reached skill level 5 in Evocations
 14604 | Gauntlet | Reached XP level 12. HP: 79/112 MP: 12/12
 14615 | Gauntlet | Got the Disquisition on Black Magic
 15350 | Lair:2   | Found a staircase to the Shoals.
 15593 | Lair:3   | Noticed a six-headed hydra
 15689 | Lair:2   | Killed a six-headed hydra
 15898 | Lair:3   | Found a hole to the Spider Nest.
 16226 | Lair:3   | Noticed Prince Ribbit
 16425 | Lair:3   | Killed Prince Ribbit
 17917 | Lair:4   | Reached skill level 1 in Shields
 18561 | Lair:5   | Noticed a death yak
 18595 | Lair:5   | Killed a death yak
 18780 | Lair:5   | Reached XP level 13. HP: 122/122 MP: 13/13
 19922 | Lair:6   | Entered Level 6 of the Lair of Beasts
 20245 | Lair:6   | Found a viscous altar of Jiyva.
 20246 | Lair:6   | Found a staircase to the Slime Pits.
 20341 | Lair:6   | Reached skill level 5 in Shields
 21671 | Lair:6   | Noticed a fire dragon
 22159 | Lair:6   | Reached XP level 14. HP: 122/133 MP: 14/14
 22228 | Lair:6   | Found a large runed translucent door.
 22228 | Lair:6   | Found a large runed translucent door.
 23449 | Orc:1    | Entered Level 1 of the Orcish Mines
 23685 | Orc:1    | Found Logiatw Etef's Distillery.
 23712 | Orc:1    | Bought a potion of might for 52 gold pieces
 23712 | Orc:1    | Bought a potion of might for 52 gold pieces
 23712 | Orc:1    | Bought a potion of curing for 39 gold pieces
 23712 | Orc:1    | Bought a potion of haste for 130 gold pieces
 23712 | Orc:1    | Bought a potion of curing for 39 gold pieces
 23712 | Orc:1    | Bought a potion of berserk rage for 65 gold pieces
 24063 | Orc:2    | Entered Level 2 of the Orcish Mines
 24063 | Orc:2    | Found a staircase to the Elven Halls.
 24317 | Orc:2    | Found Gapeahy's Distillery.
 24329 | Orc:2    | Bought a potion of heal wounds for 65 gold pieces
 24329 | Orc:2    | Bought 2 potions of curing for 78 gold pieces
 24329 | Orc:2    | Bought a potion of curing for 39 gold pieces
 24329 | Orc:2    | Bought 2 potions of haste for 260 gold pieces
 25215 | Orc:2    | Found Obesirhe's Book Boutique.
 25349 | Orc:2    | Noticed an orc warlord
 25488 | Orc:1    | Killed an orc warlord
 26158 | Orc:2    | Reached skill level 15 in Fighting
 26389 | Orc:2    | Found Unisac's Antique Weapon Shoppe.
 26396 | Orc:2    | Found Axiamil's Antique Armour Emporium.
 26401 | Orc:2    | Bought a runed broad axe for 231 gold pieces
 26544 | Orc:2    | Found a shimmering blue altar of Sif Muna.
 26552 | Orc:2    | Reached skill level 15 in Axes
 26886 | D:10     | Entered Level 10 of the Dungeon
 27551 | D:11     | Noticed Maurice
 27551 | D:11     | Found a runed translucent door.
 27553 | D:11     | Noticed Gibbon's ghost (journeyman NaVM)
 27561 | D:11     | Killed Maurice
 27951 | D:11     | Noticed Erolcha
 27957 | D:11     | Killed Erolcha
 28401 | D:12     | Found a transporter.
 28410 | D:12     | Noticed Slifar's ghost (journeyman DrFE)
 28424 | D:12     | Found a transporter.
 28550 | D:12     | Reached skill level 15 in Armour
 28738 | D:12     | Noticed Rupert
 28739 | D:12     | Noticed Snorg
 29052 | D:12     | Found a runed translucent door.
 29102 | D:12     | Reached XP level 15. HP: 107/141 MP: 15/15
 29109 | D:12     | Killed Snorg
 29340 | D:12     | Killed Rupert
 29836 | D:12     | Got the Catalogue of Ashen Feathers
 30186 | D:13     | Found a gate to the Vaults.
 30527 | D:13     | You fall into a shaft and drop 1 floor!
 30536 | D:15     | Entered Level 15 of the Dungeon
 30643 | D:14     | Found a white marble altar of Elyvilon.
 30804 | D:13     | Found a large runed translucent door.
 30804 | D:13     | Found a large runed translucent door.
 31011 | D:13     | Paralysed by an air elemental for 1 turns
 31017 | D:13     | Paralysed by an air elemental for 1 turns
 31364 | D:14     | Reached skill level 10 in Shields
 31634 | D:14     | Found a runed translucent door.
 31634 | D:14     | Noticed a sphinx
 31634 | D:14     | Noticed a sphinx
 31783 | D:14     | Killed a sphinx
 31792 | D:14     | Killed a sphinx
 31805 | D:14     | Identified the +10 chain mail "Otaec" {+Inv rF+ Str+2}
 32466 | D:15     | Found a staircase to the Depths.
 34211 | Spider:1 | Entered Level 1 of the Spider Nest
 34246 | Spider:1 | Reached XP level 16. HP: 152/152 MP: 16/16
 34338 | Spider:1 | Reached skill level 15 in Dodging
 34625 | Spider:1 | Noticed Kirke
 34630 | Spider:1 | Noticed a sphinx
 34649 | Spider:1 | Killed Kirke
 39198 | Spider:3 | Reached XP level 17. HP: 79/163 MP: 4/17
 40023 | Spider:4 | Entered Level 4 of the Spider Nest
 42040 | Spider:4 | Got a gossamer rune of Zot
 42407 | Vaults:1 | Entered Level 1 of the Vaults
 42842 | D:12     | Identified the amulet "Osaxukk" {+Blink rPois Regen+ Int+3
                  | Slay+5}
 42846 | D:12     | Killed Slifar's ghost
 43103 | Vaults:1 | Noticed Zenata
 43465 | Vaults:1 | Found Roog's Book Shop.
 43517 | Vaults:1 | Killed Zenata
 43568 | Vaults:1 | Found a large runed translucent door.
 43568 | Vaults:1 | Found a large runed translucent door.
 43569 | Vaults:1 | Noticed pigah's ghost (adept OpAE)
 43830 | Vaults:1 | Reached XP level 18. HP: 104/173 MP: 18/18
 44116 | D:11     | Killed Gibbon's ghost
 44611 | Vaults:2 | Found a staircase to the Crypt.
 45240 | Vaults:2 | Found a portal to a secret trove of treasure.
 45793 | Vaults:3 | Got the Volume of Captivating Shape Shifting
 46781 | Vaults:4 | Found Xeon's Distillery.
 46784 | Vaults:4 | Bought a potion of might for 68 gold pieces
 46784 | Vaults:4 | Bought a potion of curing for 51 gold pieces
 46784 | Vaults:4 | Bought a potion of curing for 51 gold pieces
 46784 | Vaults:4 | Bought a potion of mutation for 136 gold pieces
 46872 | Vaults:4 | Reached skill level 15 in Shields
 47289 | Vaults:4 | Found the +3 sling "Punk" {acid, rCorr}
 47300 | Vaults:4 | Reached XP level 19. HP: 184/184 MP: 19/19
 48502 | Shoals:1 | Entered Level 1 of the Shoals
 50094 | Shoals:3 | Found Badoabops's General Store.
 50127 | Shoals:3 | Bought a potion of haste for 170 gold pieces
 50127 | Shoals:3 | Bought a potion of curing for 51 gold pieces
 50139 | Shoals:3 | Found a frozen archway.
 50155 | IceCv    | Entered an ice cave
 51190 | Shoals:3 | Reached XP level 20. HP: 191/195 MP: 20/20
 51506 | Shoals:4 | Entered Level 4 of the Shoals
 51660 | Shoals:4 | Found a transporter.
 51661 | Shoals:4 | Found a transporter.
 51662 | Shoals:4 | Found a transporter.
 51724 | Shoals:4 | Found a transporter.
 51782 | Shoals:4 | Found a transporter.
 51797 | Shoals:4 | Found a transporter.
 52296 | Shoals:4 | Got a barnacled rune of Zot
 53159 | Elf:1    | Entered Level 1 of the Elven Halls
 53221 | Elf:1    | Found a flickering gateway to a bazaar.
 53234 | Bazaar   | Entered a bazaar
 53234 | Bazaar   | Found Mutecuvu's General Store.
 53241 | Bazaar   | Found Abej's Antique Weapon Boutique.
 53261 | Bazaar   | Found Nalinol's Distillery.
 53269 | Bazaar   | Bought a potion of curing for 18 gold pieces
 53269 | Bazaar   | Bought a potion of haste for 60 gold pieces
 53269 | Bazaar   | Bought a potion of curing for 18 gold pieces
 53269 | Bazaar   | Bought a potion of heal wounds for 30 gold pieces
 53272 | Bazaar   | Found Emihio's Antique Armour Shop.
 53280 | Bazaar   | Found Tilukka's Jewellery Shop.
 53299 | Bazaar   | Bought 2 potions of mutation for 240 gold pieces
 53299 | Bazaar   | Bought a tin of tremorstones (2/2) for 600 gold pieces
 53311 | Bazaar   | Bought a transparent flail for 212 gold pieces
 53311 | Bazaar   | Identified the +1 flail "Hubloo Odoe" {vorpal, Str+5} (You
                  | bought it in a shop in a bazaar)
 53311 | Bazaar   | Bought a crystal whip for 187 gold pieces
 53311 | Bazaar   | Identified the +10 whip of Focus {pain, rPois Int-5 Stlth+}
                  | (You bought it in a shop in a bazaar)
 53435 | Elf:1    | Reached skill level 1 in Slings
 54156 | Elf:1    | Paralysed by an air elemental for 1 turns
 54188 | Elf:1    | Noticed a bone dragon
 54206 | Elf:1    | Killed a bone dragon
 54260 | Elf:1    | Got Ludaiz's Reference Book on Darkness
 54338 | Elf:2    | Paralysed by an air elemental for 1 turns
 54436 | Elf:2    | Found Gopheqo's Jewellery Emporium.
 54446 | Elf:2    | Bought the amulet of Vitality {Regen+ HP+15} for 1264 gold
                  | pieces
 54446 | Elf:2    | Found the amulet of Vitality {Regen+ HP+15}
 54632 | Elf:2    | Found Haps's Book Shop.
 54632 | Elf:2    | Found Biffywis's Jewellery Emporium.
 54633 | Elf:2    | Found Nare Nag's Book Shop.
 54723 | Elf:2    | Found a runed translucent door.
 54729 | Elf:2    | Noticed Aizul
 54747 | Elf:2    | Found a runed translucent door.
 54858 | Elf:2    | Reached skill level 5 in Slings
 55201 | Elf:2    | Killed Aizul
 55272 | Elf:2    | Noticed Jorgrun
 55285 | Elf:2    | Killed Jorgrun
 55291 | Elf:2    | Reached XP level 21. HP: 130/204 MP: 21/21
 55476 | Elf:2    | Noticed Nikola
 55492 | Elf:2    | Killed Nikola
 55684 | Elf:3    | Entered Level 3 of the Elven Halls
 55806 | Elf:3    | Got the Compendium of the Volcanoes
 55816 | Elf:3    | Got Exiakk's Volume of the Glacier
 55832 | Elf:3    | Got the Tome of Earth
 55961 | Elf:3    | Identified a scroll of acquirement
 56050 | Elf:3    | Paralysed by an air elemental for 1 turns
 56056 | Elf:3    | Paralysed by an air elemental for 1 turns
 56290 | Elf:3    | Paralysed by an air elemental for 1 turns
 56811 | Elf:3    | Identified the ring "Ymimok" {rN+ rCorr}
 56920 | Elf:3    | Identified the +6 mace of Yesterday {drain, Drain rElec
                  | rPois rN++}
 56927 | Elf:3    | Identified the +1 trident of Lies {protect, Fragile rElec
                  | Int+4}
 57201 | Elf:3    | Found the ring of the Octopus King {rN+ AC+1 EV+1 Str+1
                  | Int+1 Dex+1}
 57341 | Elf:3    | Got the Papyrus of Might
 57843 | Depths:1 | Entered Level 1 of the Depths
 57864 | D:15     | Acquired a +2 crystal plate armour
 57890 | D:15     | Acquired the +2 pair of boots of the Barnacle {Rampage
                  | Drain Fly rPois}
 58114 | Depths:1 | Noticed a caustic shrike
 58114 | Depths:1 | Noticed a caustic shrike
 58114 | Depths:1 | Noticed a caustic shrike
 58116 | Depths:1 | Noticed a caustic shrike
 58119 | Depths:1 | Noticed a caustic shrike
 58120 | Depths:1 | Killed a caustic shrike
 58121 | Depths:1 | Killed a caustic shrike
 58124 | Depths:1 | Killed a caustic shrike
 58128 | Depths:1 | Killed a caustic shrike
 58131 | Depths:1 | Killed a caustic shrike
 58401 | Depths:1 | Found a gateway to Hell.
 58552 | Depths:1 | Found a runed translucent gate.
 58552 | Depths:1 | Found a runed translucent gate.
 58552 | Depths:1 | Found a runed translucent gate.
 58618 | Depths:1 | Reached XP level 22. HP: 162/214 MP: 22/22
 59064 | Depths:2 | Found a one-way gate to the infinite horrors of the Abyss.
 59104 | Depths:2 | Noticed a juggernaut
 59141 | Depths:2 | Found Xeror's Assorted Antiques.
 59156 | Depths:2 | Bought a potion of heal wounds for 105 gold pieces
 59156 | Depths:2 | Bought a potion of curing for 63 gold pieces
 59156 | Depths:2 | Bought a scroll of fog for 42 gold pieces
 59156 | Depths:2 | Bought 2 potions of heal wounds for 210 gold pieces
 59167 | Depths:2 | Found a transporter.
 59177 | Depths:2 | Found a one-way gateway to a ziggurat.
 59271 | Depths:2 | Found a one-way gate leading to the halls of Pandemonium.
 59274 | Depths:2 | Reached skill level 10 in Slings
 59400 | Depths:2 | Found an opulent altar of Gozag.
 59501 | Depths:2 | Found a transporter.
 59501 | Depths:2 | Found a runed translucent door.
 59501 | Depths:2 | Found a bloodstained altar of Trog.
 59501 | Depths:2 | Found the necklace of Bloodlust {*Rage Will++ Int-3 Slay+6}
 59553 | Depths:2 | HP: 9/215 [deep troll (15)]
 59558 | Depths:2 | Slain by a deep troll

Illustrated notes

Levels and vault maps discovered:
D:1:      eino_arrival_water_cross, layout_loops_cross
D:2:      minmay_thinvault, layout_basic, nicolae_ecumenical_snake_handling,
          st_stairs_14, nrook_mini_vaults
D:3:      layout_basic, hangedman_decor_riveting, minmay_ruptured, uniq_sigmund
D:4:      layout_gridville, ebering_ghost_gozag, kennysheep_generic_room_13,
          uniq_pikel, uniq_grinder
D:5:      layout_basic, cheibriados_altar_2, minivault_25, corner_web_ring
D:6:      layout_basic, lightli_sewer_entry_pipes, uniq_edmund,
          uniq_blork_the_orc
D:7:      layout_loops_ring, minmay_temple_entry_from_below_a, enter_bailey_7
D:8:      layout_rooms, david_lair_shrubbed, sigmund_army, uniq_psyche
D:9:      minmay_clustersquares, layout_irregular_city, david_orc_1_choice
D:10:     layout_small_grid, serial_rivers, chequers_serial_rivers_micro_b,
          chequers_serial_rivers_micro_a, chequers_serial_rivers_micro_e,
          chequers_serial_rivers_small_3, chequers_serial_rivers_micro_e
D:11:     layout_irregular_city, hellmonk_ghost_happy_afterlife,
          minmay_misc_feat_rows, uniq_maurice, uniq_erolcha
D:12:     layout_big_octagon, gammafunk_ghost_berserking_beasts,
          minmay_crystal_box, uniq_snorg, uniq_rupert
D:13:     layout_irregular_city, grunt_vaults_entry_tiered,
          lightli_elemental_guards
D:14:     layout_loops_ring, nicolae_elyvilon_peaceful_grove,
          minmay_hidden_floor
D:15:     gammafunk_depths_entry_grave, layout_basic, corexii_hall_statues_t
Lair:1:   layout_roguey [special_room_bee], guppyfry_lair_drakes
Lair:2:   layout_cave_shapes, elwin_shoals_entry_rocks, gauntlet_entry_generic,
          nicolae_lair_grove_arrangements
Lair:3:   layout_big_grid, nicolae_spider_entry_orb_guardian,
          uniq_prince_ribbit2
Lair:4:   layout_gridlike
Lair:5:   beast_lair_carwin_large_4, layout_regular_city, minmay_lair_drake_nest
Lair:6:   cheibrodos_lair_end_hotspot, layout_cave_pods, slime_altar_1
Shoals:1: layout_shoals, nicolae_shoals_stone_sculpture_thing
Shoals:2: layout_shoals
Shoals:3: layout_shoals, serial_shops, shop, portal_ice_cave_entry_frozen_things
Shoals:4: shoals_end_simple, layout_shoals, serial_nicolae_subway,
          nicolae_sub_station_metal, nicolae_sub_station_crystal,
          nicolae_sub_station_stone
Spider:1: layout_spider_delve, nicolae_spider_swamp_cousins, uniq_kirke
Spider:2: layout_chambers, nicolae_spider_bug_shape
Spider:3: layout_spider_delve
Spider:4: hellmonk_spider_rune_endless_swarm
Orc:1:    layout_diamond_mine, serial_shops, nicolae_diamond_shop
Orc:2:    grunt_orc_community_town_hall, layout_caves,
          grunt_orc_community_big_house_2, grunt_orc_community_big_house_1,
          grunt_orc_community_house_2, grunt_orc_community_house_2,
          grunt_orc_community_house_3, grunt_orc_community_house_1,
          nicolae_orc_stony_grotto, kennysheep_orc_sif_temple
Elf:1:    eino_elf_arrival_sip, layout_gridlike, serial_shops, bzr_entry_water,
          hangedman_corner_corridor, hangedman_research_thanatology
Elf:2:    nicolae_elf_blades_splatter_lattice
          [nicolae_blade_entry_splitting_headache], layout_geoelf_octagon,
          serial_shops, nicolae_shop_hallway_stairs, special_room
          [special_room_orc], grunt_ministairs_15, minmay_misc_feat_columns,
          minmay_shop_grove, uniq_jorgrun, uniq_nikola, uniq_louise, uniq_aizul
Elf:3:    minmay_elf_hall_not_hex, layout_gridlike, nicolae_elf_big_sculpture_1,
          nicolae_elf_elemental_lessons
Vaults:1: ebering_ghost_disaster_area, nicolae_vaults_little_squares_6,
          serial_ice_m, vaults_mumra_lcd, nicolae_vaults_border_crossing,
          v_misc_24, nicolae_vaults_network_barrier,
          nicolae_vaults_network_quinsquares
          [nicolae_vaults_network_quincunx_subvault,
          nicolae_vaults_network_quincunx_subvault,
          nicolae_vaults_network_quincunx_subvault,
          nicolae_vaults_network_quincunx_subvault], v_alt_pattern_2,
          vaults_mumra_hexcomb, vaults_dpeg_hooks, layout_vaults_omnicross,
          serial_shops, shop_fountains, uniq_zenata
Vaults:2: ontoclasm_vaults_twist, vaults_mumra_chevron_long,
          hangedman_vaults_unwind, v_misc_27, v_misc_25,
          vaults_room_grunt_arrival_checkpoint, ontoclasm_vaults_fault,
          nicolae_vaults_yaktaur_gun_rack, blue_anna_dwarven_crypt,
          hangedman_vaults_stagger, hangedman_vaults_impose, v_pattern_1,
          vaults_dpeg_ring, layout_vaults_maze_bifur, enter_trove_5
Vaults:3: nicolae_vaults_three_branches, v_misc_29, hangedman_vaults_nails,
          ontoclasm_vaults_loading_screen, layout_vaults_omnigrid
Vaults:4: hangedman_vaults_variations, grunt_vaults_twisty, v_misc_29,
          nicolae_vaults_puzzle_piece, nicolae_vaults_shelves_hall,
          hangedman_vaults_river_flow, nicolae_vaults_network_square,
          ontoclasm_vaults_decontamination, nicolae_vaults_ring_of_whatevers,
          ontoclasm_vaults_claustrophobia, layout_vaults_big_room, serial_shops,
          nicolae_shop_behind_doors
Depths:1: abrahamwl_protected_by_tso_1, layout_cave_pools,
          minmay_curled_crystal, grunt_mini_vestibule, pandoras_box_mu
Depths:2: emtedronai_trogs_sanctum, layout_basic, enter_ziggurat_a,
          kennysheep_nub, abyss_entry, hell_entry, serial_shops, shop,
          rand_demon_pan_entry_1, minmay_gold_behind_fungi, grunt_gozag_statues

Skill      XL: |  1  2  3  4  5  6  7  8  9 10 11 12 13 14 15 16 17 18 19 20 21 22 |
---------------+-------------------------------------------------------------------+-----
Armour         | 1 2 3 5 6 8 9 11 12 13 15 16 17 18 19 20 21 | 21.7
Dodging        | 1 2 3 4 5 6 7 9 10 11 12 13 14 15 16 17 18 19 20 | 20.0
Fighting       | 4 5 6 8 9 10 12 13 14 15 16 17 18 19 20 21 | 21.9
Axes           | 4 5 6 7 9 10 11 13 14 15 16 17 18 19 20 21 | 21.9
Evocations     | 2 5 6 8 |  8.3
Shields        | 2 6 8 10 12 14 15 16 17 18 | 18.4
Slings         | 5 9 10 | 10.0
Spellcasting   | |  1.0
Fire Magic     | |  2.1

Action                   |  1- 3 |  4- 6 |  7- 9 | 10-12 | 13-15 | 16-18 | 19-21 | 22-24 || total
-------------------------+-------+-------+-------+-------+-------+-------+-------+-------++-------
Melee: Hand axe          |   100 |   113 |   100 |       |       |       |       |       ||   313
       Headbutt          |    12 |    16 |    51 |    74 |   279 |   331 |   317 |    42 ||  1122
       Punch             |       |     2 |     6 |     4 |       |       |       |       ||    12
       War axe           |       |       |   221 |   137 |   598 |       |       |       ||   956
       Battleaxe         |       |       |       |   295 |       |       |       |       ||   295
       Dire flail        |       |       |       |     9 |       |       |       |       ||     9
       Broad axe         |       |       |       |       |   491 |  1262 |  1326 |   116 ||  3195
 Fire: Fustibalus        |       |       |       |       |       |       |    76 |     2 ||    78
Throw: Throwing net      |       |       |       |     3 |       |     1 |       |       ||     4
       Javelin           |       |       |       |     4 |     6 |       |       |       ||    10
 Abil: Evoke Blink       |       |       |       |       |       |       |       |     3 ||     3
Evoke: Wand              |       |       |    10 |    48 |    17 |    21 |     1 |       ||    97
       Box of beasts     |       |       |       |       |     3 |     1 |       |       ||     4
       Lightning rod     |       |       |       |       |       |       |     4 |       ||     4
       Tin of tremorston |       |       |       |       |       |       |     1 |       ||     1
       Condenser vane    |       |       |       |       |       |       |       |     1 ||     1
  Use: Scroll            |       |     3 |     7 |    11 |    20 |    12 |    10 |     1 ||    64
       Potion            |       |     2 |     2 |    11 |     7 |     6 |     6 |    12 ||    46
 Stab: Paralysed         |       |       |     3 |     4 |       |       |       |       ||     7
       Invisible         |       |       |       |     4 |     1 |     9 |       |       ||    14
       Petrified         |       |       |       |       |     3 |       |       |       ||     3
       Distracted        |       |       |       |       |     2 |       |     1 |       ||     3
Armor: Chain mail        |    53 |    67 |   186 |    43 |    55 |   624 |   540 |    52 ||  1620
       Robe              |     3 |       |       |       |       |       |       |       ||     3
       Plate armour      |       |       |       |   357 |   545 |       |       |       ||   902
Dodge: Dodged            |    55 |    56 |   176 |   312 |   380 |   531 |   493 |    39 ||  2042
       Repelled          |       |       |       |     4 |    13 |     4 |    29 |       ||    50
Block: Kite shield       |       |       |       |    15 |   460 |   633 |       |       ||  1108
       Reflection        |       |       |       |       |    19 |    18 |       |       ||    37
       Tower shield      |       |       |       |       |       |    10 |  1146 |   103 ||  1259

Table legend: (Time is in decaauts)
 A = Elapsed time spent in this place.
 B = Non-inter-level travel time spent in this place.
 C = Inter-level travel time spent in this place.
 D = Time resting spent in this place.
 E = Time spent auto-exploring this place.
 F = Levels seen in this place.
 G = Mean time per level.
                   A        B        C        D        E       F      G
               +--------+--------+--------+--------+--------+-----+--------+
         Total |  59802 |  55185 |   4617 |  14330 |  28237 |  44 | 1359.1 |
       Dungeon |  20349 |  17929 |   2420 |   4354 |  10213 |  15 | 1356.6 |
          Lair |  10251 |   9637 |    614 |   3603 |   4620 |   6 | 1708.5 |
        Shoals |   3452 |   3265 |    187 |    371 |   1877 |   4 |  863.0 |
   Spider Nest |   7897 |   7604 |    293 |   2934 |   2882 |   4 | 1974.2 |
  Orcish Mines |   3402 |   3221 |    181 |   1133 |   1359 |   2 | 1701.0 |
   Elven Halls |   4379 |   4154 |    225 |    683 |   2149 |   3 | 1459.7 |
        Vaults |   5620 |   4952 |    668 |    421 |   3289 |   4 | 1405.0 |
        Depths |   1508 |   1484 |     24 |    114 |    906 |   2 |  754.0 |
        Bazaar |     93 |     93 |      0 |      0 |     49 |   1 |   93.0 |
         Sewer |    826 |    826 |      0 |      2 |    555 |   1 |  826.0 |
      Ice Cave |    878 |    878 |      0 |    256 |    334 |   1 |  878.0 |
      Gauntlet |   1141 |   1141 |      0 |    457 |      0 |   1 | 1141.0 |
               +--------+--------+--------+--------+--------+-----+--------+

Top non-repeatable levels by time:
Spider:2: 3139 daAuts
  Lair:6: 3120 daAuts
     D:9: 2326 daAuts
     D:8: 2205 daAuts
    D:12: 1994 daAuts
Spider:4: 1965 daAuts
    D:15: 1860 daAuts
   Orc:2: 1739 daAuts
   Elf:3: 1686 daAuts
  Lair:1: 1678 daAuts
     D:2: 1667 daAuts
   Orc:1: 1663 daAuts
  Lair:5: 1611 daAuts
Vaults:1: 1604 daAuts
   Elf:2: 1568 daAuts
